 Dungeon Sprint DCSS version 0.17-a0-2024-gc284f19 (webtiles) character file.

1205 Ordine the Imperceptible (level 8, -10/36 HPs)
             Began as a Spriggan Enchanter on Oct 10, 2015.
             Was an Initiate of Makhleb.
             Mangled by a deep troll (15 damage)
             ... in the Dungeon (Sprint I: "Red Sonja").
             The game lasted 00:02:54 (193 turns).

Ordine the Imperceptible (Spriggan Enchanter)        Turns: 193, Time: 00:02:54

Health: -10/36     AC:  3    Str:  4    XL:     8   Next: 21%
Magic:  3/13       EV: 18    Int: 19    God:    Makhleb [......]
Gold:   531        SH:  0    Dex: 16    Spells: 3 memorised, 6 levels left

rFire  . . .     SeeInvis +     a - +1 dagger
rCold  . . .     Clarity  .     b - +1 robe
rNeg   . . .     SustAt   .     (shield restricted)
rPois  .         Gourm    .     (helmet restricted)
rElec  .         Spirit   .     (no cloak)
rCorr  .         Warding  .     (gloves unavailable)
rMut   .         NoTele   +     (boots unavailable)
MR     +....                    (no amulet)
Stlth  +++++++++.               (no ring)
                                (no ring)

@: very quick, somewhat resistant to hostile enchantments, incredibly stealthy
A: unfitting armour, see invisible, herbivore 3, speed 3, slow metabolism 2
a: Renounce Religion


You were in the Dungeon.
You worshipped Makhleb.
Makhleb was noncommittal.
You were not hungry.

You visited 1 branch You collected 531 gold pieces.

Inventory:

Hand Weapons
 a - a +1 dagger (weapon)
 m - a +5 blowgun
Missiles
 n - 5 curare-tipped needles
Armour
 b - a +1 robe (worn)
Scrolls
 j - a scroll of blinking
 k - a scroll of immolation {unknown}
Potions
 e - a potion of curing
 f - a potion of heal wounds
 g - a potion of haste
 h - 2 potions of magic
 i - a potion of berserk rage
 l - a potion of beneficial mutation {unknown}
Books
 c - a book of Maledictions

   Spells                             Type                      Level
   a - Corona                         Hexes                        1
   b - Ensorcelled Hibernation        Hexes/Ice                    2
   c - Confuse                        Hexes                        3
   d - Tukima's Dance                 Hexes                        3
   e - Dazzling Spray                 Conjuration/Hexes            3
Comestibles
 d - a bread ration


   Skills:
 - Level 1.1 Short Blades
 - Level 3.0 Dodging
 + Level 24.2 Stealth
 - Level 2.6 Spellcasting
 - Level 3.6 Hexes


You had 6 spell levels left.
You knew the following spells:

 Your Spells              Type           Power        Failure   Level  Hunger
a - Corona                Hex            ###....      4%          1    None
b - Ensorcelled Hibernat  Hex/Ice        #.....       14%         2    ##.....
c - Confuse               Hex            ###.....     12%         3    ###....


Dungeon Overview and Level Annotations

Branches:
Dungeon (1/1)

Altars:
Cheibriados
Dithmenos
Elyvilon
Fedhas
Gozag
Kikubaaqudgha
Makhleb
Nemelex Xobeh
Okawaru
Qazlal
Ru
Sif Muna
Trog
Vehumet
Xom
Yredelemnul
Zin
The Shining One
Jiyva

Shops:
D %=


Innate Abilities, Weirdness & Mutations

You are tiny and cannot use many weapons and most armour.
You have supernaturally acute eyesight.
You are a herbivore.
You cover ground extremely quickly.
You need consume almost no food.


Message History

Press: ? - help, Shift-Dir - straight line, f/p - deep troll
Aim: a deep troll (chance to defeat MR: 29%)
The deep troll easily resists.
The deep troll bites you!!
Ouch! That really hurt!
The deep troll closely misses you. The deep troll claws you!
* * * LOW HITPOINT WARNING * * *
There is an open door here.
Casting: Confuse
Confirm with . or Enter, or press ? or * to list all spells.
Aiming: Confuse
Press: ? - help, Shift-Dir - straight line, f/p - deep troll
Aim: a deep troll (chance to defeat MR: 29%)
The deep troll appears confused.
You are too injured to fight recklessly!
There is an open door here.
You hit the deep troll.
The deep troll is lightly wounded.
The deep troll looks very confused.
The deep troll completely misses you. The deep troll claws you!
You die...

#..#####'#####'#__####
#..####..#...#.####
#..#__####..##[#
#..#_..__##'#..+
#⌠⌠#_.∩...'..._#
####_..._##_.#'#
#_____###'#.#
############.####+###
#∩^.......'@T.'$$.$$+
###++++####.).#######
##.## #+#


You could see a deep troll (confused).

Vanquished Creatures
  Sonja (D)
  A slime creature (D)
  A yak (D)
  Sigmund (D)
  An ogre (D)
  Ijyb (D)
  A jelly (D)
7 creatures vanquished.

Notes
Turn   | Place    | Note
--------------------------------------------------------------
     0 | D        | Ordine the Spriggan Enchanter began the quest for the Orb.
     0 | D        | Reached XP level 1. HP: 9/9 MP: 5/5
     2 | D        | Noticed Ijyb
     9 | D        | Killed Ijyb
     9 | D        | Reached skill level 10 in Stealth
     9 | D        | Reached XP level 2. HP: 13/13 MP: 6/6
    15 | D        | Learned a level 2 spell: Ensorcelled Hibernation
    15 | D        | Noticed an ogre
    18 | D        | Killed an ogre
    18 | D        | Reached skill level 14 in Stealth
    18 | D        | Reached XP level 3. HP: 16/16 MP: 8/8
    18 | D        | Reached XP level 4. HP: 21/21 MP: 9/9
    23 | D        | Learned a level 3 spell: Confuse
    34 | D        | Noticed Sigmund
    37 | D        | Killed Sigmund
    37 | D        | Reached skill level 18 in Stealth
    37 | D        | Reached XP level 5. HP: 24/24 MP: 10/10
    37 | D        | Reached XP level 6. HP: 28/28 MP: 11/11
    51 | D        | Found a snail-covered altar of Cheibriados.
    51 | D        | Found a viscous altar of Jiyva.
    51 | D        | Found a shadowy altar of Dithmenos.
    51 | D        | Found a blossoming altar of Fedhas.
    51 | D        | Noticed a slime creature
    54 | D        | Killed a slime creature
    54 | D        | Reached skill level 20 in Stealth
    76 | D        | Found a deep blue altar of Sif Muna.
    77 | D        | Noticed a jelly
    78 | D        | Found a radiant altar of Vehumet.
    82 | D        | Killed a jelly
   110 | D        | Found Gufaiwk's Jewellery Emporium.
   110 | D        | Found a white marble altar of Elyvilon.
   110 | D        | Found a stormy altar of Qazlal.
   110 | D        | Found a burning altar of Makhleb.
   110 | D        | Found a sacrificial altar of Ru.
   110 | D        | Found a basalt altar of Yredelemnul.
   110 | D        | Found a glowing golden altar of the Shining One.
   110 | D        | Found a sparkling altar of Nemelex Xobeh.
   110 | D        | Found a shimmering altar of Xom.
   110 | D        | Found an opulent altar of Gozag.
   110 | D        | Found an ancient bone altar of Kikubaaqudgha.
   110 | D        | Found a glowing silver altar of Zin.
   110 | D        | Noticed a yak
   111 | D        | Found an iron altar of Okawaru.
   112 | D        | Killed a yak
   112 | D        | Reached skill level 21 in Stealth
   112 | D        | Reached XP level 7. HP: 32/32 MP: 12/12
   113 | D        | Found a bloodstained altar of Trog.
   116 | D        | Became a worshipper of Makhleb the Destroyer
   139 | D        | Noticed Sonja
   143 | D        | Killed Sonja
   143 | D        | Reached skill level 24 in Stealth
   143 | D        | Reached XP level 8. HP: 36/36 MP: 13/13
   162 | D        | Found Jegour's Food Boutique.
   182 | D        | Noticed a deep troll
   193 | D        | Mangled by a deep troll

Vault maps used:
D:        dungeon_sprint_1

Action                   |  1- 3 |  4- 6 |  7- 9 || total
-------------------------+-------+-------+-------++-------
Melee: Dagger            |     6 |     4 |     2 ||    12
 Cast: Confuse           |       |       |     3 ||     3
       Ensorcelled Hiber |       |       |     1 ||     1
 Stab: Sleeping          |     2 |     4 |     1 ||     7
